 Dungeon Crawl Stone Soup version 0.20.1-1-g8b1a95d (webtiles) character file.

12 letownia2 the Grave Robber (level 2, 0/22 HPs)
             Began as a Deep Dwarf Necromancer on Dec 6, 2017.
             Slain by a centaur (3 damage)
             ... on level 3 of the Dungeon on Dec 7, 2017.
             The game lasted 00:03:21 (526 turns).

letownia2 the Grave Robber (Deep Dwarf Necromancer)  Turns: 526, Time: 00:03:22

Health: 0/22       AC:  6    Str: 11    XL:     2   Next: 20%
Magic:  1/5        EV: 11    Int: 15    God:
Gold:   84         SH:  0    Dex: 13    Spells: 4/5 levels left

rFire    + . .     SeeInvis .   (no weapon)
rCold    + . .     Gourm    .   (no shield)
rNeg     . . .     Faith    .   l - +0 ring mail
rPois    .         Spirit   .   (no helmet)
rElec    .         Reflect  .   o - scarf {rC+ rF+}
rCorr    .         Harm     .   (no gloves)
MR       .....                  m - +0 pair of boots
Stlth    +.........             (no amulet)
Regen    0.0/turn               (no ring)
MPRegen  0.1/turn               (no ring)

@: non-regenerating
A: damage resistance, heal wounds, sense surroundings 1, no regeneration
a: Heal Wounds


You were on level 3 of the Dungeon.
You were not hungry.

You visited 1 branch of the dungeon, and saw 3 of its levels.

You collected 84 gold pieces.

Inventory:

Hand Weapons
 j - a +0 hunting sling
Armour
 a - a +0 robe
 l - a +0 ring mail (worn)
 m - a +0 pair of boots (worn)
 o - a scarf of resistance (worn)
Scrolls
 d - 3 scrolls of recharging {unknown}
 e - a scroll of teleportation {unknown}
 i - 2 scrolls of identify {unknown}
 k - a scroll of magic mapping {unknown}
Potions
 g - a potion of curing {unknown}
Books
 b - a book of Necromancy

   Spells                             Type                      Level
   a - Pain                           Necromancy                   1
   b - Animate Skeleton               Necromancy                   1
   c - Vampiric Draining              Necromancy                   3
   d - Regeneration                   Charms/Necromancy            3
   e - Animate Dead                   Necromancy                   4
   f - Control Undead                 Necromancy                   4
Comestibles
 c - 2 bread rations
 f - a meat ration
 h - 2 royal jellies
 n - a chunk of flesh


   Skills:
 - Level 2.1 Dodging
 - Level 2.4 Stealth
 + Level 2.1 Spellcasting
 + Level 4.7 Necromancy


You had 4 spell levels left.
You knew the following spells:

 Your Spells              Type           Power        Failure   Level  Hunger
a - Pain                  Necr           ###.         8%          1    #......


Dungeon Overview and Level Annotations

Branches:
Dungeon (3/15)

Altars:
Dithmenos
Kikubaaqudgha

Annotations:
D:3 Ijyb, Sigmund


Innate Abilities, Weirdness & Mutations

You are resistant to damage.
You can heal yourself by infusing magical energy.
You passively map a small area around you.
You do not regenerate.


Message History

The centaur hits you but does no damage.
Unknown command.
Unknown command.
Casting: Pain
Confirm with . or Enter, or press ? or * to list all spells.
Aiming: Pain
Press: ? - help, Shift-Dir - straight line, f/p - centaur
Aim: a centaur (lightly wounded, chance to defeat MR: 73%)
The centaur writhes in agony!
The centaur hits you!
* * * LOW HITPOINT WARNING * * *
Unknown command.
Unknown command.
Okay, then.
Casting: Pain
Confirm with . or Enter, or press ? or * to list all spells.
Aiming: Pain
Press: ? - help, Shift-Dir - straight line, f/p - centaur
Aim: a centaur (moderately wounded, chance to defeat MR: 73%)
The centaur writhes in agony!
The centaur hits you.
You die...

*#..#(##.#######.... *
*#..#.##.# #.....#
*#..#.##.#####.#.###
,##.(#.##.. ..#.#.... *
...#.####*#.#.#.### *
#######.#.##.###.#.#.#..
,
........................
#...............#...##.
*
##.#..@..#.(###.#.####.
##c##.#..# #.#.# #.
*#b#..!....#.#.#.##.
#.#?.#....#.#.#.... , ,
,..#####.###.#.#.##. , ,
... , ......#.# #.. ,
,...., ### ,#.#.. .... ,
#.#.# , , *.#####* #....


You could see a centaur and a bat.

Vanquished Creatures
  2 leopard geckos
  A bat (D:3)
  A giant cockroach (D:3)
  2 goblins
  A hobgoblin (D:2)
  2 rats
9 creatures vanquished.

Notes
Turn   | Place    | Note
-------+----------+-------------------------------------------
     0 | D:1      | letownia2 the Deep Dwarf Necromancer began the quest for the Orb.
     0 | D:1      | Reached XP level 1. HP: 15/15 MP: 3/3
   272 | D:3      | Noticed Ijyb
   281 | D:3      | Noticed Sigmund
   323 | D:2      | Found an ancient bone altar of Kikubaaqudgha.
   348 | D:2      | Reached XP level 2. HP: 22/22 MP: 1/5
   375 | D:3      | Found a shadowy altar of Dithmenos.
   517 | D:3      | Noticed a centaur
   526 | D:3      | Slain by a centaur

Skill      XL: |  1 |
---------------+----+-----
Spellcasting   | 2 |  2.1
Dodging        | |  2.1
Stealth        | |  2.4
Necromancy     | |  4.7

Action                   || total
-------------------------++-------
 Cast: Pain              ||    27
Armor: Robe              ||     3
       Ring mail         ||     3
Dodge: Dodged            ||     7
